 Dungeon Crawl Stone Soup version 0.29.0-4-gdea44cf6ec (webtiles) character file.

Game seed: 10954869484337741

295 qw the Chopper (level 6, -4/36 HPs)
             Began as a Tengu Warper on Aug 28, 2022.
             Blown up by Ijyb (19 damage)
             ... with a mindburst bolt
             ... on level 4 of the Dungeon.
             The game lasted 00:00:24 (3629 turns).

qw the Chopper (Tengu Warper)                       Turns: 3629, Time: 00:00:24

Health: -4/36      AC: 11    Str: 13    XL:     6   Next: 34%
Magic:  10/10      EV:  7    Int: 14    God:
Gold:   135        SH:  0    Dex: 13    Spells: 9/9 levels left

rFire   + . .      SeeInvis .   l - +0 war axe
rCold   . . .      Faith    .   (no shield)
rNeg    . . .      Spirit   .   b - +0 chain mail
rPois   .          Reflect  .   (helmet restricted)
rElec   .          Harm     .   d - +2 cloak
rCorr   .          Rampage  .   (no gloves)
Will    .....                   (boots unavailable)
Stlth   ..........              (no amulet)
HPRegen 0.12/turn               u - ring of protection from fire
MPRegen 0.12/turn               (no ring)

@: flying quickly and evasively, quick
A: beak, talons 3, nimble flight
a: no special abilities


You were on level 4 of the Dungeon.
You visited 1 branch of the dungeon, and saw 4 of its levels.

You collected 135 gold pieces.


Innate Abilities, Weirdness & Mutations

You have a beak for a mouth.
You have claws for feet.
Your magical nature lets you fly swiftly and evasively.


   Skills:
 - Level 2.3 Fighting
 - Level 7.0 Axes
 - Level 1.0 Throwing
 + Level 1.2 Armour
 - Level 2.1 Dodging
 - Level 2.0 Spellcasting
 - Level 2.4 Translocations


You had 9 spell levels left.
You didn't know any spells.
Your spell library contained the following spells:

 Spells                   Type           Power      Damage    Failure   Level
 Blink                    Tloc           16%        N/A       99%         2
 Gell's Gravitas          Tloc           8%         N/A       100%        3
 Lesser Beckoning         Tloc           8%         N/A       100%        3
 Teleport Other           Tloc           8%         N/A       100%        3
 Manifold Assault         Tloc           8%         N/A       100%        5

Inventory:

Hand Weapons
 j - a +0 mace
 l - a +0 war axe (weapon)
Missiles
 m - 3 boomerangs (quivered)
Armour
 b - a +0 chain mail (worn)
 d - a +2 cloak (worn)
Jewellery
 a - a ring of fire
 u - a ring of protection from fire (left hand)
Scrolls
 e - a scroll of identify
 i - a scroll of enchant armour
Potions
 c - a potion of cancellation {unknown}
 f - a potion of resistance {unknown}
 g - a potion of flight {unknown}
 h - a potion of lignification {unknown}
 k - a potion of curing
 v - a potion of magic {unknown}

Dungeon Overview and Level Annotations

Branches:
Dungeon (4/15)
 Temple: D:4-7

Altars:

Annotations:
D:3 1 runed translucent door, Crazy Yiuf
D:4 Ijyb


Message History

Ouch! That really hurt!
You closely miss Ijyb. You claw Ijyb, but do no damage. You peck Ijyb.
Ijyb is lightly wounded.
Ijyb hits you but does no damage.
You hit Ijyb.
Ijyb is lightly wounded.
Ijyb hits you but does no damage.
Ijyb zaps a wand.
Your mind is blasted!
You barely miss Ijyb.
Ijyb is lightly wounded.
A hobgoblin comes into view.
Ijyb hits you but does no damage.
You slash Ijyb! Your kick misses Ijyb.
Ijyb is moderately wounded.
Ijyb zaps a wand.
You barely resist. You closely miss Ijyb. Your kick misses Ijyb.
Ijyb is moderately wounded.
You closely miss the hobgoblin.
Ijyb hits you with a +1 dagger of speed.
Ijyb hits you but does no damage. The hobgoblin closely misses you.
3626 ||| DRINKING 2 potions of heal wounds.
You feel much better. Ijyb screams, "I no like you!"
Ijyb hits you but does no damage. The hobgoblin hits you.
Ijyb zaps a wand.
Your mind is blasted!
Ouch! That really hurt!
3627 ||| DRINKING potion of heal wounds.
You feel much better. The hobgoblin closely misses you.
Ijyb zaps a wand.
Your mind is blasted!
You slash Ijyb! Your kick misses Ijyb.
Ijyb is severely wounded.
You completely miss the hobgoblin.
The hobgoblin hits you but does no damage.
Ijyb zaps a wand.
Your mind is blasted!
You hit Ijyb but do no damage.
Ijyb is severely wounded.
You barely miss the hobgoblin.
The hobgoblin hits you but does no damage.
Ijyb zaps a wand.
Your mind is blasted!
Ouch! That really hurt!
You die...

.. .# #. ..#
#. #..#
####.
#..###...
#......
##..gg#
#....@##
##......#
...
#.......##
...
#..#.....##
..# #..
###....#
##..# ..
##...###
#..# .
##....###..#
##....#..#
#...<...#


You could see Ijyb and a hobgoblin.

Vanquished Creatures
  An ice beast (D:3)
  An orc priest (D:3)
  Robin (D:3)
  4 gnolls (D:2)
  3 adders
  A worm (D:2)
  A dart slug (D:3)
  10 orcs (D:3)
  4 bats
  5 endoplasms
  11 goblins
  7 hobgoblins
  7 jackals
  3 kobolds
  4 quokkas
  8 ball pythons
  2 frilled lizards (D:2)
  6 rats
79 creatures vanquished.

Notes
Turn   | Place    | Note
-------+----------+-------------------------------------------
     0 | D:1      | qw the Tengu Warper began the quest for the Orb.
     0 | D:1      | Reached XP level 1. HP: 12/12 MP: 4/4
     0 | D:1      | 0 ||| qw: Version: 0.1-a-89-g26bdef1
     0 | D:1      | 0 ||| qw: Game counter: 2121
     0 | D:1      | 0 ||| qw: Always use a shield: true
     0 | D:1      | 0 ||| qw: God list: Okawaru
     0 | D:1      | 0 ||| qw: Allow faded altars: false
     0 | D:1      | 0 ||| qw: Do Orc after D:15 true
     0 | D:1      | 0 ||| qw: Do second Lair branch before Depths: true
     0 | D:1      | 0 ||| qw: Lair rune preference: random
     0 | D:1      | 0 ||| qw: Plans: Normal
     0 | D:1      | 0 ||| PLANNING D:1-11
   288 | D:1      | Reached XP level 2. HP: 15/17 MP: 6/6
   371 | D:1      | Reached skill level 3 in Axes
   454 | D:1      | 454 ||| DROPPING +0 club.
   579 | D:1      | Found a faded altar of an unknown god.
   965 | D:1      | 965 ||| UPGRADING to +0 ring mail.
   975 | D:1      | 975 ||| DROPPING +0 leather armour.
   976 | D:1      | 976 ||| UPGRADING to +2 ring mail of cold resistance.
   986 | D:1      | 986 ||| DROPPING +0 ring mail.
   987 | D:1      | 987 ||| UPGRADING to ring of protection from fire.
   988 | D:1      | 988 ||| READING scroll labelled VUEKLAELL.
   992 | D:1      | 992 ||| READING 2 scrolls labelled PEFO RONURUPSU.
   993 | D:1      | 993 ||| READING scroll labelled JAOXTI MIHEV.
   994 | D:1      | 994 ||| READING scroll labelled QIPTANEIMN.
   995 | D:1      | 995 ||| READING scroll labelled BEDWEPSIDIRI.
  1096 | D:1      | 1096 ||| READING scroll labelled RUOTOI IMEO.
  1097 | D:1      | 1097 ||| READING scroll labelled AFIOLYNUSE.
  1098 | D:1      | 1098 ||| READING scroll labelled LAMUDEZIYS.
  1099 | D:1      | 1099 ||| DRINKING 2 orange potions.
  1100 | D:1      | 1100 ||| DROPPING scroll of blinking.
  1164 | D:2      | 1164 ||| Stepping ~*~*~tactically~*~*~ (stealth).
  1207 | D:2      | 1207 ||| Stepping ~*~*~tactically~*~*~ (stealth).
  1208 | D:2      | 1208 ||| Stepping ~*~*~tactically~*~*~ (stealth).
  1434 | D:2      | 1434 ||| FLEEEEING.
  1435 | D:2      | 1435 ||| FLEEEEING.
  1436 | D:2      | 1436 ||| FLEEEEING.
  1441 | D:2      | 1441 ||| FLEEEEING.
  1447 | D:2      | 1447 ||| STAIRDANCE
  1502 | D:1      | 1502 ||| READING scroll labelled JITUPR LUEDAL.
  1627 | D:2      | Reached XP level 3. HP: 21/21 MP: 7/7
  1682 | D:2      | Reached skill level 4 in Axes
  1706 | D:2      | 1706 ||| Stepping ~*~*~tactically~*~*~ (stealth).
  1708 | D:2      | 1708 ||| Stepping ~*~*~tactically~*~*~ (stealth).
  1944 | D:2      | Reached XP level 4. HP: 18/26 MP: 8/8
  1949 | D:2      | 1949 ||| FLEEEEING.
  1967 | D:2      | 1967 ||| FLEEEEING.
  1968 | D:2      | 1968 ||| FLEEEEING.
  1969 | D:2      | 1969 ||| FLEEEEING.
  1970 | D:2      | 1970 ||| FLEEEEING.
  1971 | D:2      | 1971 ||| FLEEEEING.
  1975 | D:2      | 1975 ||| FLEEEEING.
  1976 | D:2      | 1976 ||| FLEEEEING.
  1977 | D:2      | 1977 ||| FLEEEEING.
  1980 | D:2      | 1980 ||| FLEEEEING.
  1981 | D:2      | 1981 ||| FLEEEEING.
  1982 | D:2      | 1982 ||| FLEEEEING.
  1983 | D:2      | 1983 ||| STAIRDANCE
  2052 | D:1      | 2052 ||| UPGRADING to +0 cloak.
  2057 | D:1      | 2057 ||| UPGRADING to +2 cloak.
  2067 | D:1      | 2067 ||| DROPPING +0 cloak.
  2068 | D:1      | 2068 ||| DRINKING 2 fizzy black potions.
  2169 | D:1      | 2169 ||| DRINKING 2 green potions.
  2170 | D:1      | 2170 ||| DROPPING potion of ambrosia.
  2171 | D:1      | 2171 ||| DROPPING potion of attraction.
  2178 | D:2      | Reached skill level 5 in Axes
  2202 | D:2      | 2202 ||| Stepping ~*~*~tactically~*~*~ (stealth).
  2531 | D:3      | Gained mutation: Your magical nature lets you fly swiftly
                  | and evasively. [Tengu growth]
  2531 | D:3      | Reached XP level 5. HP: 30/30 MP: 9/9
  2875 | D:3      | Noticed an ice beast
  2889 | D:3      | Killed an ice beast
  2890 | D:3      | Reached skill level 6 in Axes
  2890 | D:3      | Reached XP level 6. HP: 27/35 MP: 10/10
  3163 | D:3      | 3163 ||| Stepping ~*~*~tactically~*~*~ (stealth).
  3164 | D:3      | 3164 ||| Stepping ~*~*~tactically~*~*~ (stealth).
  3259 | D:3      | 3259 ||| Stepping ~*~*~tactically~*~*~ (stealth).
  3271 | D:3      | 3271 ||| Stepping ~*~*~tactically~*~*~ (stealth).
  3275 | D:3      | Reached skill level 7 in Axes
  3286 | D:3      | Noticed Robin
  3298 | D:3      | Killed Robin
  3301 | D:3      | 3301 ||| FLEEEEING.
  3302 | D:3      | 3302 ||| FLEEEEING.
  3303 | D:3      | 3303 ||| FLEEEEING.
  3337 | D:3      | 3337 ||| SWAPPING to +0 war axe.
  3339 | D:3      | 3339 ||| DROPPING +1 hand axe of freezing.
  3443 | D:3      | Found a runed translucent door.
  3444 | D:3      | Noticed Crazy Yiuf
  3447 | D:3      | 3447 ||| UPGRADING to +0 chain mail.
  3457 | D:3      | 3457 ||| DROPPING +2 ring mail of cold resistance.
  3458 | D:3      | 3458 ||| DRINKING 2 dark potions.
  3459 | D:3      | 3459 ||| DRINKING 2 golden potions.
  3460 | D:3      | 3460 ||| DROPPING potion of invisibility.
  3499 | D:4      | 3499 ||| STAIRDANCE
  3618 | D:4      | Noticed Ijyb
  3625 | D:4      | HP: 4/36 [Ijyb/+1 dagger of speed (6)]
  3626 | D:4      | 3626 ||| DRINKING 2 potions of heal wounds.
  3627 | D:4      | 3627 ||| DRINKING potion of heal wounds.
  3629 | D:4      | Blown up by Ijyb

Levels and vault maps discovered:
D:1:      minmay_arrival_checkered_box, layout_loops_corners,
          basic_ecumenical_altar, kennysheep_doodads, minmay_tetromino_t4
D:2:      layout_basic
D:3:      layout_loops_ring, chequers_serial_rivers_micro_c,
          uniq_crazy_yiuf_cottage, uniq_robin
D:4:      layout_layer_cave, general_overflow_altar, uniq_pikel,
          uniq_blork_the_orc, uniq_ijyb

Skill      XL: |  1  2  3  4  5  6 |
---------------+-------------------+-----
Axes           | 3 4 5 6 7 |  7.0
Fighting       | |  2.3
Throwing       | |  1.0
Armour         | |  1.2
Dodging        | |  2.1
Spellcasting   | |  2.0
Translocations | |  2.4

Action                   |  1- 3 |  4- 6 || total
-------------------------+-------+-------++-------
Melee: Hand axe          |    79 |   111 ||   190
       Kick              |    17 |    24 ||    41
       Peck              |     5 |    11 ||    16
       Punch             |     1 |     2 ||     3
       War axe           |       |    18 ||    18
Throw: Boomerang         |     7 |       ||     7
  Use: Scroll            |     9 |       ||     9
       Potion            |     1 |     6 ||     7
Armor: Leather armour    |     5 |       ||     5
       Ring mail         |    14 |    29 ||    43
       Chain mail        |       |    16 ||    16
Dodge: Dodged            |    41 |    57 ||    98

Table legend:
 A = Non-vault XP
 B = Vault XP
 C = Vault XP percentage of total XP
 D = Non-vault monster count
 E = Vault monster count
 F = Vault count percentage of total count
                 A         B        C        D         E       F
            +---------+---------+-------+---------+---------+-------
      Total |     388 |      34 |   8.1 |      67 |      12 |  15.2
            +---------+---------+-------+---------+---------+-------
        D:1 |      14 |       4 |  22.2 |       9 |       3 |  25.0
        D:2 |     130 |       0 |   0.0 |      31 |       0 |   0.0
        D:3 |     240 |      30 |  11.1 |      25 |       9 |  26.5
        D:4 |       4 |       0 |   0.0 |       2 |       0 |   0.0
            +---------+---------+-------+---------+---------+-------
